 Dungeon Sprint DCSS version 0.19-a0-82-gd3566c2 (webtiles) character file.

1782 Kidiri the Covert (level 8, 0/43 HPs)
             Began as a Spriggan Enchanter on May 15, 2016.
             Was a Priest of Dithmenos.
             Succumbed to a redback's poison
             ... in the Dungeon (Sprint III: "The Ten Rune Challenge").
             The game lasted 00:06:43 (2487 turns).

Kidiri the Covert (Spriggan Enchanter)              Turns: 2487, Time: 00:06:44

Health: 0/43       AC:  4    Str:  6    XL:     8   Next: 81%
Magic:  1/22       EV: 28    Int: 18    God:    Dithmenos [***...]
Gold:   23         SH:  0    Dex: 19    Spells: 7 memorised, 7 levels left

rFire  . . .     SeeInvis +     a - +1 dagger
rCold  . . .     Gourm    .     b - +1 robe
rNeg   . . .     Faith    .     (shield restricted)
rPois  .         Spirit   .     (helmet restricted)
rElec  .         Dismiss  .     (no cloak)
rCorr  .         Reflect  .     (gloves unavailable)
SustAt .         Harm     .     (boots unavailable)
MR     +....     NoTele   +     (no amulet)
Stlth  ++++++++..               (no ring)
                                (no ring)

@: lethally poisoned (0 -> -31), slowed, wreathed by umbra, quick, somewhat
resistant to hostile enchantments, extraordinarily stealthy
A: unfitting armour, rugged brown scales 1, see invisible, agile 1, blink,
herbivore 3, speed 3, slow metabolism 2, strong 1, subdued magic 1, sturdy frame
1
a: Blink, Shadow Step, Renounce Religion


You were in the Dungeon.
You worshipped Dithmenos.
Dithmenos was most pleased with you.
You were not hungry.

You visited 1 branch You collected 23 gold pieces.

Inventory:

Hand Weapons
 a - a +1 dagger (weapon)
Armour
 b - a +1 robe (worn)
Scrolls
 j - a scroll of blinking
 l - a scroll of torment
 m - 2 scrolls of immolation {unknown}
 q - a scroll of fog
 r - a scroll of remove curse {unknown}
Potions
 g - a potion of haste
 h - a potion of magic
 o - 3 potions of cure mutation
 p - a potion of cancellation
 s - 2 potions of flight
 t - a potion of berserk rage
 u - a potion of might
Books
 f - a book of the Tempests

   Spells                             Type                      Level
   a - Static Discharge               Conjuration/Air              3
   b - Lightning Bolt                 Conjuration/Air              5
   c - Fireball                       Conjuration/Fire             5
   d - Tornado                        Air                          9
   e - Shatter                        Earth                        9
Miscellaneous
 e - a legendary deck of changes
Comestibles
 d - 2 bread rations
 i - a royal jelly


   Skills:
 + Level 4.3 Fighting
 * Level 8.2 Short Blades
 + Level 3.6 Armour
 * Level 10.9 Dodging
 * Level 12.0 Stealth
 * Level 9.4 Spellcasting
 + Level 3.5 Conjurations
 + Level 7.2 Hexes
 + Level 3.8 Ice Magic
 + Level 2.9 Air Magic
 + Level 3.7 Invocations
 + Level 4.7 Evocations


You had 7 spell levels left.
You knew the following spells:

 Your Spells              Type           Power        Failure   Level  Hunger
a - Corona                Hex            ####...      1%          1    None
b - Ensorcelled Hibernat  Hex/Ice        ###...       1%          2    None
c - Confuse               Hex            ####....     1%          3    None
d - Tukima's Dance        Hex            ####....     1%          3    None
e - Dazzling Spray        Conj/Hex       ###...       1%          3    None
f - Apportation           Tloc           #.........   10%         1    None
g - Lightning Bolt        Conj/Air       ###.......   63%         5    #####..


Dungeon Overview and Level Annotations

Branches:
Dungeon (1/1)

Altars:
Cheibriados
Dithmenos
Elyvilon
Fedhas
Gozag
Kikubaaqudgha
Makhleb
Nemelex Xobeh
Okawaru
Pakellas
Qazlal
Ru
Sif Muna
Trog
Vehumet
Xom
Yredelemnul
Zin
The Shining One
Jiyva
Lugonu

Annotations:
D Erolcha


Innate Abilities, Weirdness & Mutations

You are tiny and cannot use many weapons and most armour.
You have supernaturally acute eyesight.
You are a herbivore.
You cover ground extremely quickly.
You need consume almost no food.
You are partially covered in rugged brown scales (AC +1, +3% HP).
You are agile. (Dex +2)
You can translocate small distances at will.
Your muscles are strong. (Str +2)
Your spells are a little easier to cast, but a little less powerful.
Your movements are slightly less encumbered by armour (ER -2).


Message History

* * * LOW HITPOINT WARNING * * *
You feel very sick.
Drink which item? (? for menu, Esc to quit)
You feel better. The redback bites you!
* * * LOW HITPOINT WARNING * * *
You are lethally poisoned!
The redback poisons you! The redback completely misses you.
Unknown command.
Casting: Ensorcelled Hibernation
Confirm with . or Enter, or press ? or * to list all spells.
Aiming: Ensorcelled Hibernation
Press: ? - help, Shift-Dir - straight line, f - redback
Aim: a redback (clinging, umbra, chance to defeat MR: 50%)
The redback resists with some effort.
* * * LOW HITPOINT WARNING * * *
You feel very sick. The redback completely misses you.
The redback barely misses you.
You hit the redback.
The redback is lightly wounded.
You die...

##### [#__# .#%_# ##+##
....# ....# ###'#
#...#+##############
#...#....#)#)#).@s.#
#...##.#.)#.##.###.#
#...'##.#.#.##.#.)##
+...#...#..#..##O.'......
▓▓▓▓▓▓▓▓▓▓▓▓▓▓▓▓▓▓#......
...... ..... ..... ####


You could see a redback.

Vanquished Creatures
  A deep elf mage (D)
  A redback (D)
  A shadow (D)
  2 hill giants (D)
  A spatial vortex (D)
  A necrophage (D)
  3 two-headed ogres (D)
  A water elemental (D)
  A jelly (D)
  A necromancer (D)
  A wizard (D)
  3 humans (D)
  A kobold demonologist (D)
  An ooze (D)
  A phantom (D)
  3 rats (D)
23 creatures vanquished.

Vanquished Creatures (others)
  2 draconian scorchers (D)
  A yaktaur (D)
3 creatures vanquished.

Grand Total: 26 creatures vanquished

Notes
Turn   | Place    | Note
--------------------------------------------------------------
     0 | D        | Kidiri the Spriggan Enchanter began the quest for the Orb.
     0 | D        | Reached XP level 1. HP: 9/9 MP: 5/5
   175 | D        | Killed a yaktaur
   202 | D        | Killed a white draconian scorcher
   203 | D        | Killed a white draconian scorcher
   246 | D        | Reached skill level 5 in Stealth
   395 | D        | Reached skill level 1 in Fighting
   395 | D        | Reached skill level 1 in Armour
   395 | D        | Reached XP level 2. HP: 5/14 MP: 4/7
   399 | D        | Learned a level 2 spell: Ensorcelled Hibernation
   918 | D        | Gained mutation: Your spells are a little easier to cast, but a little less powerful. [potion of mutation]
   918 | D        | Gained mutation: Your muscles are strong. (Str +2) [potion of mutation]
   918 | D        | Gained mutation: Your movements are slightly less encumbered by armour (ER -2). [potion of mutation]
   919 | D        | Gained mutation: You can translocate small distances at will. [potion of mutation]
   919 | D        | Gained mutation: You are agile. (Dex +2) [potion of mutation]
   919 | D        | Gained mutation: You are partially covered in rugged brown scales (AC +1, +3% HP). [potion of mutation]
   970 | D        | Reached skill level 5 in Dodging
   970 | D        | Reached skill level 6 in Stealth
   970 | D        | Reached XP level 3. HP: 18/18 MP: 6/9
  1021 | D        | Learned a level 3 spell: Confuse
  1025 | D        | Learned a level 3 spell: Dazzling Spray
  1049 | D        | Noticed a water elemental
  1054 | D        | Killed a water elemental
  1054 | D        | Reached skill level 7 in Stealth
  1054 | D        | Reached skill level 1 in Ice Magic
  1054 | D        | Reached XP level 4. HP: 23/23 MP: 6/11
  1059 | D        | Learned a level 3 spell: Tukima's Dance
  1101 | D        | Noticed a shadow
  1138 | D        | Killed a shadow
  1138 | D        | Reached skill level 5 in Short Blades
  1138 | D        | Reached skill level 8 in Stealth
  1138 | D        | Reached skill level 1 in Conjurations
  1138 | D        | Reached skill level 5 in Hexes
  1138 | D        | Reached XP level 5. HP: 18/27 MP: 1/14
  1312 | D        | Reached skill level 9 in Stealth
  1312 | D        | Reached XP level 6. HP: 26/32 MP: 10/16
  1368 | D        | Found an oddly glowing altar of Pakellas.
  1368 | D        | Found a stormy altar of Qazlal.
  1368 | D        | Noticed a spatial vortex
  1369 | D        | Found a sacrificial altar of Ru.
  1369 | D        | Found a burning altar of Makhleb.
  1369 | D        | Found a viscous altar of Jiyva.
  1369 | D        | Found a shimmering altar of Xom.
  1369 | D        | Found a shadowy altar of Dithmenos.
  1369 | D        | Found a sparkling altar of Nemelex Xobeh.
  1369 | D        | Found a corrupted altar of Lugonu.
  1369 | D        | Found an opulent altar of Gozag.
  1373 | D        | Became a worshipper of Dithmenos the Shadowed
  1753 | D        | Killed a spatial vortex
  1753 | D        | Reached skill level 1 in Invocations
  1753 | D        | Reached skill level 1 in Evocations
  1999 | D        | Found a radiant altar of Vehumet.
  2000 | D        | Found a deep blue altar of Sif Muna.
  2000 | D        | Found an ancient bone altar of Kikubaaqudgha.
  2015 | D        | Learned a level 1 spell: Apportation
  2021 | D        | Learned a level 5 spell: Lightning Bolt
  2237 | D        | Found a glowing silver altar of Zin.
  2238 | D        | Found a glowing golden altar of the Shining One.
  2238 | D        | Found a white marble altar of Elyvilon.
  2238 | D        | Noticed a deep elf mage
  2248 | D        | Killed a deep elf mage
  2248 | D        | Reached * piety under Dithmenos
  2248 | D        | Reached skill level 10 in Stealth
  2248 | D        | Reached skill level 1 in Air Magic
  2248 | D        | Reached XP level 7. HP: 27/38 MP: 7/19
  2342 | D        | Found an iron altar of Okawaru.
  2343 | D        | Found a bloodstained altar of Trog.
  2343 | D        | Noticed a human
  2343 | D        | Noticed a human
  2346 | D        | Killed a human
  2346 | D        | Reached skill level 10 in Dodging
  2346 | D        | Reached skill level 11 in Stealth
  2348 | D        | Killed a human
  2348 | D        | Reached XP level 8. HP: 43/43 MP: 15/21
  2385 | D        | Found a snail-covered altar of Cheibriados.
  2386 | D        | Found a basalt altar of Yredelemnul.
  2386 | D        | Found a blossoming altar of Fedhas.
  2387 | D        | Reached ** piety under Dithmenos
  2443 | D        | Reached *** piety under Dithmenos
  2457 | D        | Noticed Erolcha
  2480 | D        | Reached skill level 12 in Stealth
  2486 | D        | HP: 2/43 [poisoned by a redback]
  2487 | D        | Succumbed to a redback's poison

Vault maps used:
D:        dungeon_sprint_mu

Skill      XL: |  1  2  3  4  5  6  7  8 |
---------------+-------------------------+-----
Short Blades   | 2 3 5 7 8 |  8.2
Stealth        | 5 6 7 8 9 10 11 12 | 12.0
Spellcasting   | 3 4 6 8 9 |  9.4
Dodging        | 4 5 6 7 8 9 10 | 10.9
Fighting       | 1 2 3 4 |  4.3
Armour         | 1 2 3 |  3.6
Hexes          | 4 5 6 7 |  7.2
Ice Magic      | 1 2 3 |  3.8
Conjurations   | 1 2 3 |  3.5
Invocations    | 2 3 |  3.7
Evocations     | 3 4 |  4.7
Air Magic      | 1 2 |  2.9

Action                   |  1- 3 |  4- 6 |  7- 9 || total
-------------------------+-------+-------+-------++-------
Melee: Dagger            |    54 |    28 |    22 ||   104
 Cast: Corona            |     8 |       |       ||     8
       Dazzling Spray    |       |    27 |     6 ||    33
       Ensorcelled Hiber |       |     3 |     6 ||     9
       Tukima's Dance    |       |     1 |       ||     1
  Use: Potion            |     3 |     3 |     1 ||     7
       Scroll            |     3 |       |       ||     3
 Stab: Sleeping          |     3 |     1 |     9 ||    13
       Invisible         |       |     2 |     2 ||     4
  Eat: Fruit             |       |     2 |       ||     2
Armor: Robe              |     2 |     1 |       ||     3
Dodge: Dodged            |    42 |    21 |    16 ||    79
